SAA
BETHESDA ATOMS @ MYRTLE BEACH MERMEN
07/30/2028
 
TOP OF THE 1ST
Bethesda Atoms batting - Pitching for Myrtle Beach Mermen : RHP Gregory Bahena
Pitching: RHP Gregory Bahena
Batting: RHB Renato Zuvic 0-0: DOUBLE (Flyball, 89D)
Batting: RHB Carlos Soto 0-0: Ball
Renato Zuvic steals 3rd base
1-0: Ball
2-0: Ball
Passed Ball!
Renato Zuvic scores
3-0: Called Strike
3-1: Base on Balls
Batting: RHB Patrick Eggen 0-0: Ball
1-0: Called Strike
1-1: Ball
2-1: Foul Ball, location: 2F
2-2: Ball
Carlos Soto is caught stealing 2nd base
3-2: Ground out 5-3 (Groundball, 56)
Batting: RHB Enrique Ibarra 0-0: Called Strike
0-1: Ground out 3-1 (Groundball, 34S)
Top of the 1st over - 1 run(s), 1 hit(s), 0 error(s), 0 left on base; Bethesda 1 - Myrtle Beach 0
BOTTOM OF THE 1ST
Myrtle Beach Mermen batting - Pitching for Bethesda Atoms : LHP Arnie Banks
Pitching: LHP Arnie Banks
Batting: RHB Sixto Estrada 0-0: Called Strike
0-1: Ball
1-1: Ball
2-1: SINGLE (Line Drive, 4MD)
Batting: RHB Carlos González 0-0: Foul Ball, location: 2F
0-1: Ball
Sixto Estrada is caught stealing 2nd base
1-1: Called Strike
1-2: Strikes out swinging
Batting: LHB Juan Villanueva 0-0: Foul Ball, location: 2F
0-1: Foul Ball, location: 2F
0-2: Ball
1-2: Ball
2-2: Ground out 5-3 (Groundball, 56)
Bottom of the 1st over - 0 run(s), 1 hit(s), 0 error(s), 0 left on base; Bethesda 1 - Myrtle Beach 0
TOP OF THE 2ND
Bethesda Atoms batting - Pitching for Myrtle Beach Mermen : RHP Gregory Bahena
Batting: SHB Nuygen Vuong 0-0: Foul Ball, location: 2F
0-1: Ball
1-1: Swinging Strike
1-2: SINGLE (Groundball, 3D)
Batting: RHB Albert Zamudio 0-0: Ball
1-0: Fly out, F9 (Flyball, 89D)
Batting: RHB Carlos Deleón 0-0: Ball
Nuygen Vuong steals 2nd base
1-0: Ground out 5-3 (Groundball, 56)
Batting: SHB Pedro Ortega 0-0: Foul Ball, location: 2F
0-1: Called Strike
0-2: SINGLE (Line Drive, 4MD)
Nuygen Vuong to third
Runner from 3rd tries for Home, throw and OUT!
Top of the 2nd over - 0 run(s), 2 hit(s), 0 error(s), 1 left on base; Bethesda 1 - Myrtle Beach 0
BOTTOM OF THE 2ND
Myrtle Beach Mermen batting - Pitching for Bethesda Atoms : LHP Arnie Banks
Batting: RHB Éric Leroux 0-0: Called Strike
0-1: Ball
1-1: Ball
2-1: DOUBLE (Groundball, 5L)
Batting: RHB Fernando Martínez 0-0: Foul Ball, location: 2F
0-1: Called Strike
0-2: Ball
1-2: Foul Ball, location: 2F
1-2: Foul Ball, location: 2F
1-2: Ground out 6-3 (Groundball, 6)
Batting: LHB Shigenobu Ohayashi 0-0: Called Strike
0-1: Called Strike
0-2: Ball
1-2: Foul Ball, location: 2F
1-2: Foul Ball, location: 2F
1-2: Foul Ball, location: 2F
1-2: Ball
2-2: Strikes out swinging
Batting: LHB Marcos Costa 0-0: Ball
1-0: Called Strike
1-1: Called Strike
1-2: Ball
2-2: Ball
3-2: Ground out 4-3 (Groundball, 34)
Bottom of the 2nd over - 0 run(s), 1 hit(s), 0 error(s), 1 left on base; Bethesda 1 - Myrtle Beach 0
TOP OF THE 3RD
Bethesda Atoms batting - Pitching for Myrtle Beach Mermen : RHP Gregory Bahena
Batting: RHB Raúl Francisco 0-0: Called Strike
0-1: Ball
1-1: SINGLE (Line Drive, 6MD)
Batting: RHB Renato Zuvic 0-0: Ball
1-0: Called Strike
1-1: Ball
2-1: Fly out, F9 (Flyball, 9)
Batting: RHB Carlos Soto 0-0: Ball
Raúl Francisco is caught stealing 2nd base
1-0: Called Strike
1-1: Ball
2-1: Foul Ball, location: 2F
2-2: Foul Ball, location: 2F
2-2: Fly out, F7 (Line Drive, 7)
Top of the 3rd over - 0 run(s), 1 hit(s), 0 error(s), 0 left on base; Bethesda 1 - Myrtle Beach 0
BOTTOM OF THE 3RD
Myrtle Beach Mermen batting - Pitching for Bethesda Atoms : LHP Arnie Banks
Batting: RHB Mark Frisby 0-0: Ball
1-0: Called Strike
1-1: Ground out 5-3 (Groundball, 56)
Batting: LHB Philip Strickland 0-0: Ball
1-0: Ball
2-0: Called Strike
2-1: Called Strike
2-2: Ball
3-2: Foul Ball, location: 2F
3-2: Foul Ball, location: 2F
3-2: Ground out 4-3 (Groundball, 4)
Batting: RHB Sixto Estrada 0-0: Ball
1-0: Ball
2-0: Called Strike
2-1: SOLO HOME RUN (Flyball, 7D), Distance : 352 ft
Batting: RHB Carlos González 0-0: Called Strike
0-1: SINGLE (Groundball, 56D)
Batting: LHB Juan Villanueva 0-0: Ball
1-0: Ball
2-0: Called Strike
2-1: Foul Ball, location: 2F
2-2: Strikes out swinging
Bottom of the 3rd over - 1 run(s), 2 hit(s), 0 error(s), 1 left on base; Bethesda 1 - Myrtle Beach 1
TOP OF THE 4TH
Bethesda Atoms batting - Pitching for Myrtle Beach Mermen : RHP Gregory Bahena
Batting: RHB Patrick Eggen 0-0: Foul Ball, location: 2F
0-1: Ball
1-1: Ball
2-1: Foul Ball, location: 2F
2-2: SINGLE (Flyball, 8RS)
Batting: RHB Enrique Ibarra 0-0: Ball
1-0: SINGLE (Line Drive, 6M)
Patrick Eggen to second
Batting: SHB Nuygen Vuong 0-0: Swinging Strike
0-1: Ball
1-1: Foul Ball, location: 2F
1-2: Fly out, F7 (Flyball, 78M)
Batting: RHB Albert Zamudio 0-0: Called Strike
0-1: SINGLE (Flyball, 7LM)
Patrick Eggen to third
Enrique Ibarra to second
Runner from 3rd tries for Home, SAFE, throw made home
Batting: RHB Carlos Deleón 0-0: Called Strike
Enrique Ibarra steals 3rd base
Albert Zamudio to second
0-1: Ball
1-1: Swinging Strike
1-2: Ball
2-2: Ball
3-2: Foul Ball, location: 2F
3-2: Strikes out looking
Batting: SHB Pedro Ortega 0-0: Ground out 4-3 (Groundball, 34)
Top of the 4th over - 1 run(s), 3 hit(s), 0 error(s), 2 left on base; Bethesda 2 - Myrtle Beach 1
BOTTOM OF THE 4TH
Myrtle Beach Mermen batting - Pitching for Bethesda Atoms : LHP Arnie Banks
Batting: RHB Éric Leroux 0-0: DOUBLE (Groundball, 5L)
Batting: RHB Fernando Martínez 0-0: Swinging Strike
0-1: Ball
1-1: Called Strike
1-2: Ball
2-2: Foul Ball, location: 2F
2-2: Fly out, F3 (Popup, 3S)
Batting: LHB Shigenobu Ohayashi 0-0: Ball
1-0: Called Strike
1-1: Foul Ball, location: 2F
1-2: Strikes out looking
Batting: LHB Marcos Costa 0-0: Ball
1-0: Called Strike
1-1: Foul Ball, location: 2F
1-2: Strikes out looking
Bottom of the 4th over - 0 run(s), 1 hit(s), 0 error(s), 1 left on base; Bethesda 2 - Myrtle Beach 1
TOP OF THE 5TH
Bethesda Atoms batting - Pitching for Myrtle Beach Mermen : RHP Gregory Bahena
Batting: RHB Raúl Francisco 0-0: Ball
1-0: Ball
2-0: Foul Ball, location: 2F
2-1: Reached on error, E5 (Groundball, 56)
Batting: RHB Renato Zuvic 0-0: Ball
1-0: SINGLE (Line Drive, 4D)
Raúl Francisco to third
Batting: RHB Carlos Soto 0-0: Ball
1-0: Ball
2-0: Called Strike
2-1: Fly out, F8 (Flyball, 8LM)
Runner from 3rd tags up, SCORES, no throw
Batting: RHB Patrick Eggen 0-0: Ball
Renato Zuvic steals 2nd base
1-0: Called Strike
1-1: Ball
2-1: Called Strike
Renato Zuvic steals 3rd base
2-2: Fly out, F5 (Popup, 5S)
Batting: RHB Enrique Ibarra 0-0: SINGLE (Line Drive, 9LM)
Renato Zuvic scores
Batting: SHB Nuygen Vuong 0-0: Ball
1-0: Foul Ball, location: 2F
1-1: Ball
2-1: Foul Ball, location: 2F
2-2: Foul Ball, location: 2F
2-2: Fly out, F8 (Flyball, 8LS)
Top of the 5th over - 2 run(s), 2 hit(s), 1 error(s), 1 left on base; Bethesda 4 - Myrtle Beach 1
BOTTOM OF THE 5TH
Myrtle Beach Mermen batting - Pitching for Bethesda Atoms : LHP Arnie Banks
Batting: RHB Mark Frisby 0-0: Called Strike
0-1: Ball
1-1: Foul Ball, location: 2F
1-2: Ball
2-2: Strikes out looking
Batting: LHB Philip Strickland 0-0: Ball
1-0: Called Strike
1-1: Fly out, F5 (Flyball, 5D)
Batting: RHB Sixto Estrada 0-0: Ball
1-0: Ball
2-0: Ball
3-0: Called Strike
3-1: SINGLE (Flyball, 9LS)
Batting: RHB Carlos González 0-0: Ball
1-0: Called Strike
1-1: Ball
2-1: Foul Ball, location: 2F
2-2: Foul Ball, location: 2F
2-2: Ground out 1-3 (Groundball, P)
Bottom of the 5th over - 0 run(s), 1 hit(s), 0 error(s), 1 left on base; Bethesda 4 - Myrtle Beach 1
TOP OF THE 6TH
Bethesda Atoms batting - Pitching for Myrtle Beach Mermen : RHP Gregory Bahena
Batting: RHB Albert Zamudio 0-0: Called Strike
0-1: Ball
1-1: Ball
2-1: Called Strike
2-2: Ball
3-2: SINGLE (Groundball, 6MD)
Batting: RHB Carlos Deleón 0-0: Ball
1-0: Sac Bunt - play at first, batter OUT! 1-3
Albert Zamudio to second
Batting: SHB Pedro Ortega 0-0: Called Strike
Albert Zamudio steals 3rd base
0-1: Ball
1-1: Ball
2-1: Ball
3-1: Foul Ball, location: 2F
3-2: SINGLE (Line Drive, 34)
Albert Zamudio scores
Batting: RHB Raúl Francisco 0-0: Ball
Pedro Ortega steals 2nd base
1-0: Called Strike
1-1: SINGLE (Flyball, 8LS)
Pedro Ortega to third
Batting: RHB Renato Zuvic 0-0: Ball
Raúl Francisco steals 2nd base
1-0: Ball
2-0: Called Strike
2-1: Called Strike
2-2: Ground out 6-3 (Groundball, 6)
Pedro Ortega scores
Raúl Francisco to third
Pitching: RHP Chris Hayes
Batting: RHB Carlos Soto 0-0: Ball
1-0: Swinging Strike
1-1: Foul Ball, location: 2F
1-2: Ball
2-2: Foul Ball, location: 2F
2-2: SINGLE (Groundball, 6MD)
Raúl Francisco scores
Batting: RHB Patrick Eggen 0-0: Called Strike
Carlos Soto steals 2nd base
0-1: Ball
1-1: Ball
2-1: Foul Ball, location: 2F
2-2: Fly out, F9 (Flyball, 89S)
Top of the 6th over - 3 run(s), 4 hit(s), 0 error(s), 1 left on base; Bethesda 7 - Myrtle Beach 1
BOTTOM OF THE 6TH
Myrtle Beach Mermen batting - Pitching for Bethesda Atoms : LHP Arnie Banks
Batting: LHB Juan Villanueva 0-0: Ball
1-0: Called Strike
1-1: SOLO HOME RUN (Flyball, 89XD), Distance : 416 ft
Batting: RHB Éric Leroux 0-0: Ball
1-0: Foul Ball, location: 2F
1-1: Called Strike
1-2: DOUBLE (Flyball, 78M)
Batting: RHB Fernando Martínez 0-0: Called Strike
0-1: Swinging Strike
0-2: Strikes out looking
Batting: LHB Shigenobu Ohayashi 0-0: Ball
1-0: Foul Ball, location: 2F
1-1: Fly out, F8 (Flyball, 8LM)
Batting: LHB Marcos Costa 0-0: Foul Ball, location: 2F
0-1: Ball
1-1: Ball
2-1: Ball
3-1: Base on Balls
Batting: RHB Mark Frisby 0-0: Ball
1-0: Ball
2-0: Ball
3-0: Called Strike
3-1: Foul Ball, location: 2F
3-2: Foul Ball, location: 2F
3-2: SINGLE (Groundball, 56D)
Éric Leroux to third
Marcos Costa to second
Éric Leroux scores
Marcos Costa to third
Pitching: RHP Milan Opalka
Batting: LHB Philip Strickland 0-0: Ball
1-0: Ball
2-0: SINGLE (Flyball, 8LS)
Marcos Costa scores
Mark Frisby to second
Batting: RHB Sixto Estrada 0-0: Called Strike
0-1: Ball
1-1: Ball
2-1: Ground out 5-3 (Groundball, 56S)
Bottom of the 6th over - 3 run(s), 4 hit(s), 0 error(s), 2 left on base; Bethesda 7 - Myrtle Beach 4
TOP OF THE 7TH
Bethesda Atoms batting - Pitching for Myrtle Beach Mermen : RHP Chris Hayes
Batting: RHB Enrique Ibarra 0-0: Swinging Strike
0-1: Ball
1-1: Swinging Strike
1-2: SINGLE (Groundball, 6MD)
Batting: SHB Nuygen Vuong 0-0: Foul Ball, location: 2F
0-1: Fly out, F8 (Flyball, 8LM)
Batting: RHB Albert Zamudio 0-0: Ball
1-0: Ball
2-0: Called Strike
2-1: Ball
3-1: Swinging Strike
3-2: Strikes out looking
Batting: RHB Carlos Deleón 0-0: Called Strike
Throwing error on steal attempt, E2
Enrique Ibarra to third
0-1: Ball
1-1: Swinging Strike
1-2: Foul Ball, location: 2F
1-2: Foul Ball, location: 2F
1-2: Foul Ball, location: 2F
1-2: Ball
2-2: Foul Ball, location: 2F
2-2: Strikes out swinging
Top of the 7th over - 0 run(s), 1 hit(s), 1 error(s), 1 left on base; Bethesda 7 - Myrtle Beach 4
BOTTOM OF THE 7TH
Myrtle Beach Mermen batting - Pitching for Bethesda Atoms : RHP Milan Opalka
Batting: RHB Carlos González 0-0: Swinging Strike
0-1: Called Strike
0-2: Strikes out swinging
Batting: LHB Juan Villanueva 0-0: Ball
1-0: Ball
2-0: Ball
3-0: Base on Balls
Batting: RHB Éric Leroux 0-0: Ball
1-0: Ball
2-0: Swinging Strike
2-1: Called Strike
2-2: Ball
3-2: Base on Balls
Juan Villanueva to second
Batting: RHB Fernando Martínez 0-0: Ball
1-0: Foul Ball, location: 2F
Pickoff Throw to Second - Error! E1
Juan Villanueva to third
Éric Leroux to second
1-1: Foul Ball, location: 2F
1-2: Ball
2-2: Foul Ball, location: 2F
2-2: Foul Ball, location: 2F
2-2: Ball
3-2: TRIPLE (Flyball, 78D)
Juan Villanueva scores
Éric Leroux scores
Batting: LHB Shigenobu Ohayashi 0-0: Ball
1-0: DOUBLE (Line Drive, 8LD)
Fernando Martínez scores
Batting: LHB Marcos Costa 0-0: Intentional Walk
Pitching: RHP Will O'Slattery
Pinch Hitting: LHB Ferris Minor 0-0: Ball
1-0: Ball
2-0: Foul Ball, location: 2F
2-1: Foul Ball, location: 2F
2-2: Ball
3-2: Base on Balls
Shigenobu Ohayashi to third
Marcos Costa to second
Batting: LHB Philip Strickland 0-0: Swinging Strike
0-1: Ball
1-1: Ball
2-1: Called Strike
2-2: SINGLE (Groundball, 4MD)
Shigenobu Ohayashi scores
Marcos Costa to third
Ferris Minor to second
Runner from 3rd tries for Home, SAFE, no throw
Pinch Hitting: RHB Maik Palen 0-0: Ball
1-0: Called Strike
1-1: DOUBLE (Flyball, 8RXD)
Ferris Minor scores
Philip Strickland to third
Runner from 3rd tries for Home, SAFE, no throw
Batting: RHB Carlos González 0-0: Ground out 5-3 (Groundball, 5)
Batting: LHB Juan Villanueva 0-0: Ball
1-0: Called Strike
1-1: Called Strike
1-2: Foul Ball, location: 2F
1-2: Ball
2-2: Strikes out looking
Bottom of the 7th over - 7 run(s), 4 hit(s), 1 error(s), 1 left on base; Bethesda 7 - Myrtle Beach 11
TOP OF THE 8TH
Bethesda Atoms batting - Pitching for Myrtle Beach Mermen : RHP Chris Hayes
Now at SS: Jimmy Dawson
Now in LF: Maik Palen
Batting: SHB Pedro Ortega 0-0: Foul Ball, location: 2F
0-1: Called Strike
0-2: Strikes out swinging, 2-3 out at first.
Batting: RHB Raúl Francisco 0-0: Called Strike
0-1: Ball
1-1: Foul Ball, location: 2F
1-2: Ball
2-2: Ball
3-2: Base on Balls
Batting: RHB Renato Zuvic 0-0: Foul Ball, location: 2F
0-1: Ball
1-1: SINGLE (Groundball, 4M) (infield hit)
Raúl Francisco to second
Pitching: RHP Daniel McGovern
Batting: RHB Carlos Soto 0-0: Called Strike
0-1: Called Strike
0-2: Ball
1-2: Grounds into double play, 6-4-3 (Groundball, 6)
Top of the 8th over - 0 run(s), 1 hit(s), 0 error(s), 1 left on base; Bethesda 7 - Myrtle Beach 11
BOTTOM OF THE 8TH
Myrtle Beach Mermen batting - Pitching for Bethesda Atoms : RHP Will O'Slattery
Batting: RHB Éric Leroux 0-0: Called Strike
0-1: SINGLE (Groundball, 4MD)
Batting: RHB Fernando Martínez 0-0: Called Strike
0-1: Called Strike
0-2: Strikes out swinging
Batting: LHB Shigenobu Ohayashi 0-0: Ball
1-0: Ball
2-0: Foul Ball, location: 2F
2-1: Called Strike
2-2: Foul Ball, location: 2F
2-2: 2-RUN HOME RUN (Line Drive, 9LD), Distance : 371 ft
Pitching: RHP Robby McDonald
Batting: LHB Marcos Costa 0-0: Ball
1-0: Ground out 4-3 (Groundball, 34)
Batting: RHB Jimmy Dawson 0-0: Ball
1-0: Fly out, F9 (Flyball, 89S)
Bottom of the 8th over - 2 run(s), 2 hit(s), 0 error(s), 0 left on base; Bethesda 7 - Myrtle Beach 13
TOP OF THE 9TH
Bethesda Atoms batting - Pitching for Myrtle Beach Mermen : RHP Daniel McGovern
Now at 2B: Sal Haynes
Batting: RHB Patrick Eggen 0-0: Called Strike
0-1: Ball
1-1: Ball
2-1: SINGLE (Groundball, 4MD)
Batting: RHB Enrique Ibarra 0-0: Called Strike
0-1: Fielders Choice at 2nd, 6-4 (Groundball, 56)
Batting: SHB Nuygen Vuong 0-0: Called Strike
0-1: Ball
1-1: Foul Ball, location: 2F
1-2: Foul Ball, location: 2F
1-2: SINGLE (Groundball, 5D)
Enrique Ibarra to second
Batting: RHB Albert Zamudio 0-0: Fly out, F6 (Popup, 6MS)
Batting: RHB Carlos Deleón 0-0: Called Strike
0-1: Ball
1-1: Called Strike
1-2: Fielders Choice at 2nd, 6-4 (Groundball, 6)
Top of the 9th over - 0 run(s), 2 hit(s), 0 error(s), 1 left on base; Bethesda 7 - Myrtle Beach 13
Monday, August 21st, 2017 - OOTP Baseball 17.12 Build 75